 Dungeon Sprint DCSS version 0.21.1-1-g345015f (webtiles) character file.

1913 Fang the Severer (level 8, -13/88 HPs)
             Began as a Minotaur Berserker on May 31, 2018.
             Was a High Priest of Trog.
             Mangled by a cyclops (21 damage)
             ... in the Dungeon (Sprint IX: "|||||||||||||||||||||||||||||").
             The game lasted 00:00:45 (566 turns).

Fang the Severer (Minotaur Berserker)                Turns: 566, Time: 00:00:45

Health: -13/88     AC:  4    Str: 23    XL:     8   Next: 95%
Magic:  7/7        EV: 16    Int:  7    God:    Trog [*****.]
Gold:   0          SH:  0    Dex: 11    Spells: 7/7 levels left

rFire    . . .     SeeInvis .   n - +1 broad axe (freeze)
rCold    . . .     Gourm    .   (no shield)
rNeg     . . .     Faith    .   b - +0 animal skin
rPois    .         Spirit   .   (helmet restricted)
rElec    .         Reflect  .   (no cloak)
rCorr    .         Harm     .   (no gloves)
MR       .....     NoTele   +   (no boots)
Stlth    ++........             (no amulet)
HPRegen  0.24/turn              o - +3 ring of intelligence
MPRegen  0.10/turn              p - +2 ring of protection

@: berserk cooldown, slowed, very slow
A: retaliatory headbutt, horns 2
a: Berserk, Trog's Hand, Brothers in Arms, Burn Spellbooks, Renounce Religion


You were in the Dungeon.
You worshipped Trog.
Trog was extremely pleased with you.
You were hungry.

You visited 1 branch

Inventory:

Hand Weapons
 a - a +0 hand axe
 n - a +1 broad axe of freezing (weapon)
Armour
 b - a +0 animal skin (worn)
Jewellery
 o - a +3 ring of intelligence (left hand)
 p - a +2 ring of protection (right hand)
Wands
 m - a wand of acid (10)
Scrolls
 i - 2 scrolls of blinking
 l - 3 scrolls of remove curse
Potions
 d - 5 potions of curing
 e - 3 potions of heal wounds
 f - a potion of haste
 g - 4 potions of magic
 h - a potion of berserk rage
 k - a potion of invisibility
Comestibles
 c - a ration
 j - 3 chunks of flesh


   Skills:
 + Level 13.8 Fighting
 + Level 15.4 Axes
 + Level 6.7 Armour
 + Level 8.9 Dodging
 + Level 1.2 Stealth


You had 7 spell levels left.
You didn't know any spells.

Dungeon Overview and Level Annotations

Branches:
Dungeon (1/1)

Altars:
Cheibriados
Dithmenos
Elyvilon
Fedhas
Gozag
Hepliaklqana
Kikubaaqudgha
Makhleb
Nemelex Xobeh
Okawaru
Qazlal
Ru
Sif Muna
Trog
Uskayaw
Vehumet
Wu Jian
Xom
Yredelemnul
Zin
The Shining One
Beogh
Jiyva
Lugonu


Innate Abilities, Weirdness & Mutations

You reflexively headbutt those who attack you in melee.
You have a pair of horns on your head.


Message History

The hungry ghost is moderately damaged.
The hungry ghost misses you.
You slash the hungry ghost!
The hungry ghost is severely damaged.
You miss the hungry ghost.
The hungry ghost is severely damaged.
The hungry ghost closely misses you. You furiously retaliate!
You headbutt the hungry ghost. You slice the hungry ghost!!
You destroy the hungry ghost!
Trog accepts your kill.
The cyclops throws a large rock.
The large rock hits you!!
* * * LOW HITPOINT WARNING * * *
You are no longer berserk.
You are exhausted.
You feel yourself slow down.
You barely miss the cyclops. You headbutt the cyclops.
The cyclops is lightly wounded.
The cyclops hits you!!
You die... ▓▓▓▓▓▓▓▓▓▓▓▓▓▓▓▓▓▓▓▓▓ ([[[.()......()(@Cy.+ ▓▓▓▓▓▓▓▓▓▓▓▓▓▓▓▓▓▓▓▓▓

You could see a cyclops and a hornet.

Vanquished Creatures
  2 centaur warriors (D)
  A hungry ghost (D)
  A water moccasin (D)
  A sky beast (D)
  An ogre (D)
  A centaur (D)
  A crimson imp (D)
  A hound (D)
  2 worker ants (D)
  An adder zombie (D)
  A worm (D)
  A bat zombie (D)
  A goblin (D)
  A hobgoblin (D)
  A quokka (D)
  2 bats (D)
  A frilled lizard (D)
20 creatures vanquished.

Notes
Turn   | Place    | Note
-------+----------+-------------------------------------------
     0 | D        | Fang the Minotaur Berserker began the quest for the Orb.
     0 | D        | Reached XP level 1. HP: 19/19 MP: 0/0
     4 | D        | Reached skill level 4 in Axes
    14 | D        | Reached ** piety under Trog
   276 | D        | Noticed a crimson imp
   276 | D        | Noticed a hound
   276 | D        | Noticed a water moccasin
   279 | D        | Killed a crimson imp
   279 | D        | Reached skill level 6 in Axes
   279 | D        | Reached XP level 2. HP: 30/30 MP: 1/1
   279 | D        | Reached XP level 3. HP: 37/37 MP: 2/2
   283 | D        | Reached *** piety under Trog
   285 | D        | Reached XP level 4. HP: 45/45 MP: 3/3
   287 | D        | Killed a water moccasin
   287 | D        | Reached skill level 9 in Axes
   287 | D        | Reached skill level 5 in Dodging
   287 | D        | Reached XP level 5. HP: 56/56 MP: 4/4
   318 | D        | Found a roughly hewn altar of Beogh.
   318 | D        | Found a snail-covered altar of Cheibriados.
   318 | D        | Found a shadowy altar of Dithmenos.
   318 | D        | Found a white marble altar of Elyvilon.
   318 | D        | Found a blossoming altar of Fedhas.
   318 | D        | Found an opulent altar of Gozag.
   319 | D        | Found a hazy altar of Hepliaklqana.
   320 | D        | Found a viscous altar of Jiyva.
   321 | D        | Found an ancient bone altar of Kikubaaqudgha.
   322 | D        | Found a corrupted altar of Lugonu.
   323 | D        | Found a burning altar of Makhleb.
   324 | D        | Found a sparkling altar of Nemelex Xobeh.
   325 | D        | Found an iron altar of Okawaru.
   326 | D        | Found a stormy altar of Qazlal.
   327 | D        | Found a sacrificial altar of Ru.
   328 | D        | Found a deep blue altar of Sif Muna.
   329 | D        | Found a bloodstained altar of Trog.
   330 | D        | Found a hide-covered altar of Uskayaw.
   331 | D        | Found a radiant altar of Vehumet.
   332 | D        | Found an ornate altar of the Wu Jian Council.
   333 | D        | Found a shimmering altar of Xom.
   334 | D        | Found a basalt altar of Yredelemnul.
   335 | D        | Found a glowing silver altar of Zin.
   336 | D        | Found a glowing golden altar of the Shining One.
   353 | D        | Found the +10 morningstar "Eos" {elec, Halo rElec}
   464 | D        | Noticed a centaur
   464 | D        | Noticed a sky beast
   468 | D        | Killed a centaur
   468 | D        | Reached **** piety under Trog
   468 | D        | Reached skill level 10 in Axes
   472 | D        | Reached skill level 5 in Armour
   472 | D        | Reached XP level 6. HP: 66/66 MP: 5/5
   477 | D        | Reached skill level 10 in Fighting
   478 | D        | Killed a sky beast
   478 | D        | Reached skill level 11 in Axes
   546 | D        | Noticed a centaur warrior
   546 | D        | Noticed a centaur warrior
   546 | D        | Noticed a hungry ghost
   546 | D        | Noticed a cyclops
   546 | D        | Noticed a hornet
   548 | D        | Reached ***** piety under Trog
   552 | D        | Killed a centaur warrior
   552 | D        | Reached skill level 13 in Axes
   552 | D        | Reached skill level 1 in Stealth
   552 | D        | Reached XP level 7. HP: 78/78 MP: 6/6
   552 | D        | Reached XP level 8. HP: 85/85 MP: 7/7
   558 | D        | Killed a centaur warrior
   558 | D        | Reached skill level 15 in Axes
   566 | D        | Mangled by a cyclops

Skill      XL: |  1  2  3  4  5  6  7  8 |
---------------+-------------------------+-----
Fighting       | 6 8 9 12 13 | 13.8
Axes           | 6 9 10 13 15 | 15.4
Armour         | 3 4 5 6 |  6.7
Dodging        | 3 5 8 |  8.9
Stealth        | 1 |  1.2

Action                   |  1- 3 |  4- 6 |  7- 9 || total
-------------------------+-------+-------+-------++-------
Melee: Hand axe          |    20 |     5 |       ||    25
       Headbutt          |     2 |     3 |     2 ||     7
       Broad axe         |       |    17 |    11 ||    28
Invok: Berserk           |     1 |     2 |       ||     3
  Eat: Chunk             |       |     1 |       ||     1
Armor: Animal skin       |     6 |     1 |       ||     7
Dodge: Dodged            |    12 |     7 |     3 ||    22
